 Dungeon Sprint DCSS version 0.25.1-1-g288607f5aa (webtiles) character file.

Game seed: 4649344555033633363

1036 jt the Spear-Bearer (level 8, -1/68 HPs)
             Began as a Formicid Fighter on July 28, 2020.
             Was an Initiate of Gozag.
             Slain by a killer bee (13 damage)
             ... in the Dungeon (Sprint IV: "Fedhas' Mad Dash").
             The game lasted 00:03:22 (841 turns).

jt the Spear-Bearer (Formicid Fighter)               Turns: 841, Time: 00:03:22

Health: -1/68      AC:  7    Str: 22    XL:     8   Next: 48%
Magic:  9/9        EV:  9    Int:  9    God:    Gozag
Gold:   37         SH: 11    Dex: 10    Spells: 7/7 levels left

rFire    + . .     SeeInvis +   a - +0 trident
rCold    . . .     Gourm    .   c - +0 kite shield
rNeg     . . .     Faith    .   b - +0 scale mail
rPois    +         Spirit   .   (helmet unavailable)
rElec    .         Reflect  .   (no cloak)
rCorr    .         Harm     .   (no gloves)
MR       .....                  (no boots)
Stlth    ..........             d - amulet of invisibility {+Inv}
HPRegen  0.21/turn              p - ring of protection from fire
MPRegen  0.11/turn              q - ring of poison resistance

@: very slightly contaminated
A: permanent stasis, dig shafts and tunnels, four strong arms, antennae 3
a: Dig, Potion Petition, Call Merchant, Bribe Branch, Renounce Religion, Evoke
Invisibility


You were in the Dungeon.
You worshipped Gozag.
Gozag was noncommittal.
You were hungry.

You visited 1 branch You collected 672 gold pieces.
You spent 635 gold pieces at shops.

Inventory:

Hand Weapons
 a - a +0 trident (weapon)
 n - a +2 morningstar of draining
Missiles
 l - 24 sling bullets
Armour
 b - a +0 scale mail (worn)
 c - a +0 kite shield (worn)
Jewellery
 d - the amulet of invisibility (around neck) {+Inv}
   (You found it in the Dungeon)

   [amulet of nothing]

   It lets you turn invisible.
 p - a ring of protection from fire (left hand)
 q - a ring of poison resistance (right hand)
Scrolls
 k - a scroll of blinking
 m - 2 scrolls of remove curse
 o - a scroll of identify
Potions
 h - a potion of haste
 i - 2 potions of magic
 j - a potion of berserk rage
Comestibles
 f - 2 rations


   Skills:
 + Level 7.6 Fighting
 - Level 14.0 Polearms
 - Level 5.0 Armour
 - Level 9.0 Shields
 + Level 2.2 Evocations


You had 7 spell levels left.
You didn't know any spells.
Your spell library was empty.

Dungeon Overview and Level Annotations

Branches:
Dungeon (1/1)

Altars:
Cheibriados
Dithmenos
Elyvilon
Gozag
Hepliaklqana
Kikubaaqudgha
Makhleb
Nemelex Xobeh
Okawaru
Qazlal
Ru
Sif Muna
Trog
Uskayaw
Vehumet
Wu Jian
Xom
Yredelemnul
Zin
The Shining One
Beogh
Jiyva
Lugonu

Shops:
D :=:?


Innate Abilities, Weirdness & Mutations

You cannot be hasted, slowed, berserked, paralysed or teleported.
You can dig through walls and to a lower floor.
Your four strong arms can wield two-handed weapons with a shield.
You have a pair of large antennae on your head. (SInv)


Message History

* * * LOW HITPOINT WARNING * * *
You block the killer bee's attack.
You feel sick. You block the killer bee's attack. x2
You feel sick. The killer bee barely misses you.
You block the killer bee's attack.
The killer bee stings you but does no damage.
You block the killer bee's attack. The killer bee misses you.
The killer bee stings you.
* * * LOW HITPOINT WARNING * * *
You feel better. You block the killer bee's attack. x2
The killer bee closely misses you.
Okay, then.
The killer bee misses you. You block the killer bee's attack.
The killer bee stings you.
* * * LOW HITPOINT WARNING * * *
There is an open door here.
Unknown command.
You block the killer bee's attack. The killer bee stings you!
You die...
Your body crumbles into a pile of gold.

###############################
#<..P#.....#.....#.⌠._._._._.⌠.
#PP..'.....'.#...'.._._._._._..
#PPPP#.....#.#...#..._._._._...
###############'##.._._._._._..
♣..$...yyy@..#._._._._._.⌠.
#%....$♣.....#...##############
#.....♣..♣..######
##+####+##### { { $


$$$$ { { { { { { $ $$ $ You could see a queen bee and 2 killer bees.

Vanquished Creatures
  2 wandering mushrooms (D)
  A burning bush (D)
  2 scorpions (D)
  2 killer bees (D)
  4 oklob saplings (D)
  A worker ant (D)
  2 spriggans (D)
  A river rat (D)
  A rat (D)
16 creatures vanquished.

Notes
Turn   | Place    | Note
-------+----------+-------------------------------------------
     0 | D        | jt the Formicid Fighter began the quest for the Orb.
     0 | D        | Reached XP level 1. HP: 18/18 MP: 1/1
     9 | D        | Reached skill level 3 in Polearms
     9 | D        | Reached skill level 5 in Shields
     9 | D        | Reached XP level 2. HP: 15/24 MP: 2/2
   117 | D        | Noticed an oklob sapling
   368 | D        | Killed an oklob sapling
   368 | D        | Reached skill level 4 in Polearms
   368 | D        | Reached XP level 3. HP: 29/29 MP: 3/3
   371 | D        | Found the amulet of invisibility {+Inv}
   373 | D        | Reached skill level 5 in Polearms
   373 | D        | Reached XP level 4. HP: 28/35 MP: 4/4
   390 | D        | Reached skill level 6 in Polearms
   392 | D        | Found an opulent altar of Gozag.
   392 | D        | Found a hazy altar of Hepliaklqana.
   392 | D        | Found a roughly hewn altar of Beogh.
   392 | D        | Found a snail-covered altar of Cheibriados.
   394 | D        | Found a viscous altar of Jiyva.
   394 | D        | Found a burning altar of Makhleb.
   394 | D        | Found a sparkling altar of Nemelex Xobeh.
   394 | D        | Found a sacrificial altar of Ru.
   394 | D        | Found a shimmering blue altar of Sif Muna.
   394 | D        | Found a bloodstained altar of Trog.
   394 | D        | Found an ornate altar of the Wu Jian Council.
   394 | D        | Found a shimmering altar of Xom.
   394 | D        | Found a basalt altar of Yredelemnul.
   394 | D        | Noticed an oklob sapling priest
   395 | D        | Found an iron altar of Okawaru.
   395 | D        | Found a shadowy altar of Dithmenos.
   395 | D        | Found a glowing silver altar of Zin.
   396 | D        | Found an ancient bone altar of Kikubaaqudgha.
   396 | D        | Found a hide-covered altar of Uskayaw.
   397 | D        | Found a stormy altar of Qazlal.
   397 | D        | Found a glowing golden altar of the Shining One.
   397 | D        | Found a white marble altar of Elyvilon.
   398 | D        | Found a corrupted altar of Lugonu.
   398 | D        | Found a radiant altar of Vehumet.
   404 | D        | Killed an oklob sapling priest
   404 | D        | Reached skill level 7 in Polearms
   404 | D        | Reached XP level 5. HP: 37/41 MP: 2/5
   407 | D        | Became a worshipper of Gozag Ym Sagoz the Greedy
   512 | D        | Reached skill level 8 in Polearms
   524 | D        | Reached skill level 9 in Polearms
   524 | D        | Reached XP level 6. HP: 35/47 MP: 4/6
   538 | D        | Reached skill level 10 in Polearms
   553 | D        | Found Guppin's Jewellery Shop.
   553 | D        | Found Iloiddovotz's Book Emporium.
   560 | D        | Noticed a burning bush
   560 | D        | Noticed a wandering mushroom
   561 | D        | Noticed a wandering mushroom
   571 | D        | Reached skill level 11 in Polearms
   583 | D        | Killed a wandering mushroom
   583 | D        | Reached skill level 13 in Polearms
   583 | D        | Reached XP level 7. HP: 32/52 MP: 7/7
   712 | D        | Found Zybo's Book Shoppe.
   713 | D        | Found Huuh's Magic Scroll Emporium.
   724 | D        | Killed a burning bush
   724 | D        | Reached skill level 14 in Polearms
   724 | D        | Reached skill level 5 in Fighting
   724 | D        | Reached XP level 8. HP: 50/64 MP: 8/8
   734 | D        | Killed a wandering mushroom
   734 | D        | Reached skill level 5 in Armour
   752 | D        | Bought a scroll of identify for 20 gold pieces
   752 | D        | Bought a scroll of remove curse for 30 gold pieces
   760 | D        | Bought an uncursed ring of protection from fire for 325
                  | gold pieces
   761 | D        | Bought an uncursed ring of poison resistance for 260 gold
                  | pieces
   805 | D        | Noticed a queen bee
   810 | D        | Reached skill level 1 in Evocations
   841 | D        | Slain by a killer bee

Illustrated notes

Levels and vault maps discovered:
D:        dungeon_sprint_fedhas [sprint_temple]

Skill      XL: |  1  2  3  4  5  6  7  8 |
---------------+-------------------------+-----
Polearms       | 3 4 5 7 9 13 14 | 14.0
Shields        | 5 6 7 9 |  9.0
Fighting       | 5 7 |  7.6
Armour         | 5 |  5.0
Evocations     | 2 |  2.2

Action                   |  1- 3 |  4- 6 |  7- 9 || total
-------------------------+-------+-------+-------++-------
Melee: Trident           |     9 |    45 |    43 ||    97
Invok: Potion Petition   |       |     1 |       ||     1
 Abil: Evoke Invisibilit |       |     2 |     1 ||     3
  Use: Potion            |     1 |       |     2 ||     3
 Stab: Invisible         |       |     2 |     2 ||     4
Armor: Scale mail        |     1 |     1 |     5 ||     7
Dodge: Dodged            |     1 |     5 |    24 ||    30
Block: Kite shield       |     1 |    15 |    29 ||    45
